[Event "Early-Titled-Tuesday-Blitz-March-12-2024"]
[Site "Chess.com"]
[Date "2024.03.12"]
[Round "6"]
[White "nelsi"]
[Black "matagordo"]
[Result "0-1"]
[WhiteElo "2416"]
[BlackElo "2266"]
[TimeControl "180+1"]
[EndTime "9:05:57 PDT"]
[Termination "matagordo won on time"]

1. e4 e6 2. d4 d5 3. Be3 Nc6 4. f3 dxe4 5. Nc3 exf3 6. Nxf3 Nf6 7. Bd3 Bb4 8. O-O O-O 9. Qe1 Re8 10. Qh4 Ne7 11.
Ng5 h6 12. Rxf6 Nf5 13. Rxf5 exf5 14. Bd2 hxg5 15. Bxg5 Be7 16. Bxe7 Qxe7 17. Qf2 Qe3 18. Rf1 Qxf2+ 19. Kxf2 Be6 20. d5 Bd7 21. Kg3 Re3+ 22.
Kf4 Rae8 23. h4 g6 24. h5 Kg7 25. hxg6 fxg6 26. Rh1 Re1 27. Rxe1 Rxe1 28. Ne2 Kf6 29. Kf3 g5 30. Kf2 Ra1 31. a3 f4 32. Kf3 Rf1+ 33.
Ke4 Bf5+ 34. Kd4 Bxd3 35. Kxd3 Ke5 36. c4 Rf2 37. Nd4 Rxb2 38. Nb5 Rxb5 39. cxb5 Kxd5 40. a4 Kc5 41. Ke4 a6 42. bxa6 bxa6 43. Kf5 Kd4 44. Kxg5 Ke4 45. Kg4 c5 46. g3 fxg3 47. Kxg3 c4 0-1

[Event "Early-Titled-Tuesday-Blitz-March-12-2024"]
[Site "Chess.com"]
[Date "2024.03.12"]
[Round "6"]
[White "shirovin"]
[Black "Gryffindorac8"]
[Result "0-1"]
[WhiteElo "2077"]
[BlackElo "2390"]
[TimeControl "180+1"]
[EndTime "9:05:59 PDT"]
[Termination "Gryffindorac8 won on time"]

1. e4 c5 2. Nf3 d6 3. d4 cxd4 4.
Nxd4 Nf6 5. Nc3 a6 6. h4 h6 7. f3 e5 8. Nb3 Be6 9. Be3 Nbd7 10. Qd2 Be7 11. O-O-O Qc7 12. g4 Rc8 13. Kb1 b5 14.
a3 Nb6 15. g5 hxg5 16. Bxg5 Nc4 17. Qe1 Nxa3+ 18. bxa3 Qxc3 19. Qxc3 Rxc3 20. Kb2 Rxf3 21. Be2 Rf2 22. Rhe1 Nxe4 23. Bxb5+ axb5 24. Bxe7 Kxe7 25. Rxe4 Rc8 26. Rd2 Rxd2 27. Nxd2 Bf5 28. Re2 Rxc2+ 29. Kb3 Rc1 30. Nf3 Bg4 31. Re3 Bxf3 32. Rxf3 Rh1 33.
Rg3 Rxh4 34. Rxg7 Ke6 35. Rg8 Kd5 36. Rc8 f5 37. Rb8 Kc6 38. Rc8+ Kb6 39. Rd8 Rd4 40.
Rf8 f4 41. Rb8+ Kc6 42. Rc8+ Kb7 43. Re8 f3 44. Kc3 f2 0-1

[Event "Early-Titled-Tuesday-Blitz-March-12-2024"]
[Site "Chess.com"]
[Date "2024.03.12"]
[Round "6"]
[White "UnTucopalaTimba"]
[Black "Happy1712Drummer"]
[Result "0-1"]
[WhiteElo "1996"]
[BlackElo "2370"]
[TimeControl "180+1"]
[EndTime "9:05:59 PDT"]
[Termination "Happy1712Drummer won by resignation"]

1. e4 c5 2. Nf3 e6 3. c3 Nf6 4. e5 Nd5 5. d4 cxd4 6. cxd4 d6 7. Nc3 Nc6 8. Nxd5 exd5 9. exd6 Bxd6 10. Be2 O-O 11.
O-O Bf5 12. Bg5 Qd7 13. a3 h6 14. Bh4 Rfe8 15. Rc1 Rac8 16. Bg3 Bxg3 17. hxg3 a6 18. Rc3 Re7 19. Qd2 Rce8 20. Bd3 Be4 21. Bxe4 dxe4 22.
Nh4 g5 23. d5 Ne5 24. f4 Nd3 25. fxg5 Qg4 26. Nf5 Qh5 27. Nxe7+ Rxe7 28. gxh6 Ne5 29. Rc8+ Kh7 30. Qf4 Ng4 31. Qf5+ Qxf5 32. Rxf5 e3 33. Kf1 e2+ 34. Ke1 Ne3 35. Rxf7+ Rxf7 36. Kxe2 Nxd5 37.
Kd3 Kxh6 38. Rd8 Nf6 39. Rd6 Kg5 40. b4 Kg4 0-1

[Event "Early-Titled-Tuesday-Blitz-March-12-2024"]
[Site "Chess.com"]
[Date "2024.03.12"]
[Round "6"]
[White "ahkashefi2800"]
[Black "TanitoluwaAps116"]
[Result "0-1"]
[WhiteElo "2640"]
[BlackElo "2826"]
[TimeControl "180+1"]
[EndTime "9:06:00 PDT"]
[Termination "TanitoluwaAps116 won on time"]

1. d4 Nf6 2. Nf3 e6 3. g3 b5 4. Bg2 Bb7 5. O-O c5 6. Bg5 h6 7. Bxf6 Qxf6 8. Nc3 a6 9. d5 b4 10. Ne4 Qxb2 11. c4 f5 12. Ned2 Be7 13. Rb1 Qf6 14. e4 O-O 15. e5 Qf7 16. d6 Bd8 17. Nb3 Bb6 18. Ng5 hxg5 19. Bxb7 Ra7 20. Bg2 a5 21. a4 g4 22. f4 gxf3 23. Bxf3 Bd8 24. Qe2 Na6 25.
Rbd1 Qg6 26. Bh5 Qh6 27. Kh1 g6 28. Bf3 Kg7 29. Qg2 Rh8 30. Rf2 Qe3 31. Re2 Qxb3 32. Rg1 Qxc4 33. g4 f4 34. Be4 Qd4 0-1

[Event "Early-Titled-Tuesday-Blitz-March-12-2024"]
[Site "Chess.com"]
[Date "2024.03.12"]
[Round "6"]
[White "Zohid6"]
[Black "Skatchkov_V"]
[Result "1-0"]
[WhiteElo "2896"]
[BlackElo "2674"]
[TimeControl "180+1"]
[EndTime "9:06:01 PDT"]
[Termination "Zohid6 won by resignation"]

1. e4 e5 2. Nf3 Nf6 3. Nxe5 d6 4. Nd3 Nxe4 5. Qe2 Qe7 6. Nf4 Nc6 7. Nd5 Nd4 8. Nxe7 Nxe2 9. Nd5 Nd4 10. d3 Nc5 11. Na3 Nde6 12. c3 c6 13. Ne3 d5 14. d4 Ne4 15. f3 Nd6 16. Kf2 Be7 17. Bd3 Bd7 18.
Re1 O-O-O 19. Nac2 Rde8 20. b3 Nf4 21. Bf1 h5 22. g3 Nh3+ 23. Kg2 h4 24. c4 dxc4 25.
bxc4 Bf6 26. Bd2 hxg3 27. hxg3 Ng5 28. Ng4 Bd8 29. Bd3 f5 30. Ne5 Be6 31. Ne3 f4 32. gxf4 Bh3+ 33. Kg3 Ne6 34. Ng6 Rh6 35. Rh1 Nxd4 36.
Rxh3 Rxe3 37. Bxe3 N4f5+ 38. Kh2 Rxg6 39. Bf2 Re6 40.
c5 Nb5 41. Bxf5 1-0

[Event "Early-Titled-Tuesday-Blitz-March-12-2024"]
[Site "Chess.com"]
[Date "2024.03.12"]
[Round "6"]
[White "InitiatingASC"]
[Black "Resignify"]
[Result "1-0"]
[WhiteElo "2335"]
[BlackElo "2241"]
[TimeControl "180+1"]
[EndTime "9:06:01 PDT"]
[Termination "InitiatingASC won on time"]

1. d4 Nf6 2. c4 g6 3. Nc3 Bg7 4. e4 d6 5. Nf3 O-O 6. Be2 e5 7. d5 Nbd7 8. h3 Nc5 9. Qc2 a5 10.
Be3 Nfd7 11. g4 Na6 12. O-O-O Ndc5 13. Kb1 f5 14. gxf5 gxf5 15. Bg5 Qe8 16. Rdg1 Kh8 17. Nd2 Nb4 18. Qd1 fxe4 19. Bh5 Qd7 20. Ndxe4 Nxe4 21. Nxe4 Qf5 22. f3 Na6 23. Bg4 Qf7 24. Be3 Bf5 25.
Ka1 Bxe4 26. fxe4 Bf6 27. Be6 Qe7 28. Qh5 b6 29. Rg2 a4 30. Rhg1 Nc5 31. Bxc5 bxc5 32. Qg4 Qd8 33. Qh5 Qe7 34. Qg4 Qd8 35. Rh1 Qe7 36.
h4 Qg7 37. Qh3 Qh6 38. h5 Bg5 39. Rhg1 Bf4 40. Qg4 Qf6 41. Qg8+ Rxg8 42. Rxg8+ 1-0

[Event "Early-Titled-Tuesday-Blitz-March-12-2024"]
[Site "Chess.com"]
[Date "2024.03.12"]
[Round "6"]
[White "TigrVShlyape"]
[Black "Aygehovit1992"]
[Result "1-0"]
[WhiteElo "2922"]
[BlackElo "2727"]
[TimeControl "180+1"]
[EndTime "9:06:04 PDT"]
[Termination "TigrVShlyape won on time"]

1. e4 c5 2. Nf3 e6 3. d4 cxd4 4. Nxd4 Nc6 5. Nc3 Qc7 6. Be3 a6 7. Qf3 h5 8. Qg3 Qxg3 9. hxg3 Nxd4 10. Bxd4 b5 11. f3 f6 12. g4 h4 13. g3 Bd6 14.
gxh4 Bg3+ 15. Bf2 Bxf2+ 16. Kxf2 Bb7 17. Bd3 Rc8 18. a3 Ne7 19. Kg3 Ng6 20. Rad1 Ne5 21. Rh2 Ke7 22. Rhd2 Rhd8 23. Be2 Nc4 24. Bxc4 Rxc4 25.
Rd4 Rxd4 26. Rxd4 Rc8 27. Rd2 Rc4 28. Nd1 a5 29. Ne3 Rc5 30. c3 Rc8 31. h5 Bc6 32. Rh2 Kf7 33. Nc2 d6 34. Kf4 d5 35. e5 Be8 36. Re2 Rc4+ 37. Kg3 Bd7 38. f4 Bc8 39. g5 f5 40. Kf3 Bb7 41. Nd4 b4 42. axb4 axb4 43.
Rc2 b3 44. Rh2 Ra4 45. Ke3 Ra1 46. Nxb3 Re1+ 47. Kf2 Rb1 48. Ke3 Re1+ 49. Kd2 Rb1 50. Kc2 Rf1 51. Nc5 Bc8 52. Rh4 Rf2+ 53. Kb3 1-0

[Event "Early-Titled-Tuesday-Blitz-March-12-2024"]
[Site "Chess.com"]
[Date "2024.03.12"]
[Round "6"]
[White "Grandelicious"]
[Black "wonderfultime"]
[Result "0-1"]
[WhiteElo "2874"]
[BlackElo "3062"]
[TimeControl "180+1"]
[EndTime "9:06:05 PDT"]
[Termination "wonderfultime won by resignation"]

1. Nf3 d5 2. e3 Nf6 3. c4 c6 4.
Qc2 Bg4 5. Ne5 Bh5 6. cxd5 Nxd5 7.
Nc3 e6 8. d4 Be7 9. Qb3 Qb6 10.
g4 Bg6 11. h4 Qxb3 12. axb3 Nb4 13. Kd2 Nd7 14. Nxd7 Kxd7 15. h5 Bc2 16. Ra3 h6 17.
Bg2 Bh7 18. Ne4 Rhd8 19. Ke2 Ke8 20. Bd2 a6 21. Ra4 Nd5 22. Rc1 f5 23. gxf5 exf5 24.
Nc5 Bxc5 25. Rxc5 Bg8 26. b4 Bf7 27. Bf3 Rac8 28. Ra1 Kf8 29. Rg1 Re8 30. Kf1 Rcd8 31. Be2 Rd6 32. Bf3 Rf6 33. Rc1 Nb6 34. Bc3 Bd5 35.
Be2 f4 36. exf4 Rxf4 37. Rg3 Nc4 38. Re1 Ne3+ 39. Kg1 Nc2 40. Bd2 Nxe1 41. Bxf4 Rxe2 42. Bd6+ Kf7 43. Be5 0-1

[Event "Early-Titled-Tuesday-Blitz-March-12-2024"]
[Site "Chess.com"]
[Date "2024.03.12"]
[Round "6"]
[White "Witik"]
[Black "Roman_Ovetchkin"]
[Result "1-0"]
[WhiteElo "2752"]
[BlackElo "2590"]
[TimeControl "180+1"]
[EndTime "9:06:05 PDT"]
[Termination "Witik won by resignation"]

1. d4 Nf6 2. c4 e6 3. g3 c5 4. d5 exd5 5. cxd5 d6 6. Nc3 g6 7.
Nf3 Bg7 8. Bg2 O-O 9. O-O Re8 10. Bf4 a6 11. a4 Nh5 12. Bg5 Qb6 13. Qc2 Nd7 14.
a5 Qc7 15. e4 Ne5 16. Nxe5 Bxe5 17. Na4 Qxa5 18. Be3 Qd8 19. f4 Bg7 20. e5 b5 21.
Nxc5 dxc5 22. Qxc5 Bf8 23. d6 Be6 24. Bf3 Ng7 25. Bf2 h5 26. Rfc1 Nf5 27. Bxa8 Qxa8 28.
Qc6 Qxc6 29. Rxc6 g5 30. Rcxa6 gxf4 31. gxf4 Bh6 32. Ra8 Rxa8 33. Rxa8+ Kg7 34. Ra7 Bxf4 35. d7 Bxd7 36. Rxd7 Bxe5 37. Rd5 Kf6 38. Rxb5 Nd6 39. Rxe5 Kxe5 40. Bg3+ Kd5 41. Bxd6 Kxd6 42. Kf2 Kc5 43. Kf3 Kb4 44. Kf4 Kb3 45. Kg5 Kxb2 46. Kxh5 Kc3 47. Kg5 Kd4 48. Kf6 1-0

[Event "Early-Titled-Tuesday-Blitz-March-12-2024"]
[Site "Chess.com"]
[Date "2024.03.12"]
[Round "6"]
[White "Switzerlamb"]
[Black "kidagent"]
[Result "1-0"]
[WhiteElo "2558"]
[BlackElo "2323"]
[TimeControl "180+1"]
[EndTime "9:06:05 PDT"]
[Termination "Switzerlamb won on time"]

1. Nf3 d5 2. d4 Nf6 3. c4 c6 4. Nc3 dxc4 5. a4 Bf5 6. Nh4 e6 7. Nxf5 exf5 8. Bg5 Nbd7 9. e3 Qb6 10. Qc2 Qb3 11. Qxb3 cxb3 12. Bc4 Bb4 13. O-O O-O 14. Bxf6 Nxf6 15. Bxb3 Rac8 16. Rac1 c5 17. Na2 Ne4 18. Bd5 Nd6 19. Rfd1 a5 20. Nxb4 cxb4 21. f3 b5 22. axb5 Nxb5 23. Kf2 a4 24. Bc6 Rb8 25. Rc5 Nd6 26.
Bxa4 Ra8 27. Bb3 Rfb8 28. Rdc1 g6 29. Rd5 Rb6 30. Ke2 Kg7 31. Kd3 Ra7 32. e4 fxe4+ 33. fxe4 f5 34. e5 Ne4 35. Rd8 Re7 36. g3 h5 37. Rcc8 h4 38. gxh4 g5 39. hxg5 Kg6 40. Rg8+ Kh5 41. Rcf8 Kg4 42. Bd1+ Kf4 43. Rh8 1-0

[Event "Early-Titled-Tuesday-Blitz-March-12-2024"]
[Site "Chess.com"]
[Date "2024.03.12"]
[Round "6"]
[White "PetrolulSah"]
[Black "suspiciumchess"]
[Result "0-1"]
[WhiteElo "2221"]
[BlackElo "2410"]
[TimeControl "180+1"]
[EndTime "9:06:05 PDT"]
[Termination "suspiciumchess won by resignation"]

1. d4 Nf6 2. c4 g6 3. Nc3 Bg7 4. e4 d6 5. Be2 O-O 6. Bg5 h6 7. Be3 e5 8. d5 a5 9. Qd2 Kh7 10. h4 Na6 11. h5 g5 12. f3 Nd7 13. g4 Ndc5 14. Nh3 Bf6 15. Nf2 Bd7 16. Nd3 c6 17. O-O Nxd3 18. Bxd3 Qb8 19. b3 Bd8 20. a3 Bc7 21. Rfb1 Qd8 22. b4 Bb6 23. c5 dxc5 24.
b5 cxb5 25. Bxb5 c4 26. Bxc4 Bxe3+ 27. Qxe3 Qc7 28. Bb5 Rfc8 29. Bxd7 Qxd7 30. Nb5 Rc5 31.
Qb3 Rac8 32. Ra2 Rc1+ 33. Kg2 Nc5 34. Qb2 Nd3 35. Qb3 Nf4+ 36. Kg3 R8c5 37. Rxc1 Rxc1 38. d6 Qc8 39. Qxf7+ Kh8 40. Qf6+ Kh7 41. Qe7+ Kh8 42. d7 Rg1+ 43. Kf2 Rg2+ 44. Ke3 Qc1+ 0-1

[Event "Early-Titled-Tuesday-Blitz-March-12-2024"]
[Site "Chess.com"]
[Date "2024.03.12"]
[Round "6"]
[White "Herman-NY"]
[Black "enriquebutti"]
[Result "1-0"]
[WhiteElo "2536"]
[BlackElo "2222"]
[TimeControl "180+1"]
[EndTime "9:06:06 PDT"]
[Termination "Herman-NY won by resignation"]

1. e4 c5 2. Nf3 d6 3. d4 cxd4 4. Nxd4 Nf6 5. Nc3 g6 6. Be3 Bg7 7. f3 O-O 8. Qd2 Nc6 9. Nb3 a5 10. a4 Nb4 11. Nd4 Bd7 12. O-O-O Rc8 13. Kb1 e5 14. Ndb5 d5 15. exd5 Bf5 16. Bd3 Nxd3 17. cxd3 Nxd5 18. g4 Be6 19. Bh6 Bh8 20. Bxf8 Qxf8 21.
Nxd5 Bxd5 22. Rhf1 b6 23. Rc1 Rd8 24. Qc2 Qb4 25.
Qc7 Rf8 26. Nc3 Be6 27. Qc6 Qd4 28. Qe4 Qd7 29. Rfd1 f5 30. gxf5 gxf5 31. Rg1+ Kf7 32. Qe3 Bg7 33. Qxb6 Rc8 34. Ka1 Bf6 35. Qxa5 Qc6 36.
Qb4 Ra8 37. Nb5 Qd5 38. Rc7+ Ke8 39. Qc4 Qxc4 40. dxc4 Rxa4+ 41. Kb1 Rxc4 42. Nd6+ Kd8 43. Rxc4 Bxc4 44. Nxc4 1-0

[Event "Early-Titled-Tuesday-Blitz-March-12-2024"]
[Site "Chess.com"]
[Date "2024.03.12"]
[Round "6"]
[White "mikheeva86"]
[Black "Eloist"]
[Result "1-0"]
[WhiteElo "2258"]
[BlackElo "2426"]
[TimeControl "180+1"]
[EndTime "9:06:08 PDT"]
[Termination "mikheeva86 won on time"]

1. e4 e6 2. d4 d5 3. exd5 exd5 4. c4 Nf6 5. Nc3 Bb4 6. Nf3 O-O 7. Bd3 dxc4 8. Bxc4 Re8+ 9. Be3 Nd5 10. O-O Bxc3 11. bxc3 Rxe3 12. fxe3 Nxe3 13. Bxf7+ Kxf7 14. Ne5+ Kg8 15. Qb3+ Qd5 16. Rf3 Qxb3 17. axb3 Nd5 18. Raf1 Nf6 19. g4 h6 20. h4 Nbd7 21. g5 Nxe5 22. dxe5 Bg4 23. Rf4 Bh3 24. exf6 Bxf1 25. Kxf1 hxg5 26.
hxg5 gxf6 27. gxf6 Kf7 28. Ke2 Rd8 29. Rc4 c6 30.
Ra4 a6 31. Rf4 Rd6 32. Ke3 Rxf6 33. Rh4 Re6+ 34. Kd4 Rd6+ 35. Kc4 Ke6 36. Rh6+ Ke5 37. Rh5+ Ke4 38. Rh4+ Ke3 39. Rh3+ Kd2 40. Rh7 b5+ 41. Kb4 1-0

[Event "Early-Titled-Tuesday-Blitz-March-12-2024"]
[Site "Chess.com"]
[Date "2024.03.12"]
[Round "6"]
[White "sokidze"]
[Black "sorch29"]
[Result "1-0"]
[WhiteElo "2776"]
[BlackElo "2477"]
[TimeControl "180+1"]
[EndTime "9:06:09 PDT"]
[Termination "sokidze won on time"]

1. d4 Nf6 2. c4 e6 3. Nf3 d5 4.
g3 Bb4+ 5. Bd2 Be7 6. Bg2 O-O 7. O-O c6 8. Qc2 Nbd7 9. Rc1 b6 10. a4 a5 11.
cxd5 cxd5 12. Nc3 Ba6 13. Nb5 Bxb5 14. axb5 Qb8 15. Qa4 Qb7 16. Rc6 Nb8 17. Rc2 Rc8 18. Rac1 Rxc2 19. Qxc2 Nbd7 20. e3 Ne8 21. Ne5 Nxe5 22.
dxe5 Bc5 23. Bc3 Rc8 24. Qd2 Nc7 25. Bf1 h6 26. h4 h5 27. Bxa5 g6 28. Bc3 Ra8 29.
Bd4 Bxd4 30. exd4 Ne8 31. Rc6 Ng7 32. Qc3 Nf5 33. Bd3 Rb8 34. Kg2 Kg7 35. Bxf5 exf5 36. Rc7 Qa8 37. e6 1-0

[Event "Early-Titled-Tuesday-Blitz-March-12-2024"]
[Site "Chess.com"]
[Date "2024.03.12"]
[Round "6"]
[White "Alexchess1984"]
[Black "djano"]
[Result "1-0"]
[WhiteElo "2745"]
[BlackElo "2585"]
[TimeControl "180+1"]
[EndTime "9:06:10 PDT"]
[Termination "Alexchess1984 won by resignation"]

1. e4 c5 2. c3 e5 3. Nf3 Nc6 4. Bc4 Nf6 5. Qe2 Be7 6. O-O O-O 7. a4 d6 8. h3 Nd7 9. d3 Kh8 10. Rd1 Nb6 11. Bb3 f5 12. exf5 Bxf5 13. Nbd2 Qe8 14.
Ne4 Rd8 15. Ng3 Bg6 16. a5 Nd7 17. Bg5 h6 18. Bxe7 Nxe7 19. d4 exd4 20. cxd4 Nc6 21. Qxe8 Rfxe8 22. dxc5 Nxc5 23. Bd5 Nb4 24. Nh4 Bc2 25. Rd2 g5 26. Nhf5 Bb3 27. Bf3 d5 28. Nd4 Bc4 29. Ngf5 Re5 30. Nxh6 Rf8 31. Ng4 Re7 32.
Ne3 Rfe8 33. Ra3 a6 34. Rc3 Na4 35. Rc1 Nc5 36. Nxc4 dxc4 37. Rxc4 Nbd3 38. Kh2 Re1 39. b4 Ne4 40. Bxe4 Nxf2 41. Rxf2 R8xe4 42. Rc8+ Kg7 43. Rc7+ Kh6 44. Nf5+ Kg6 45. Rxb7 Rb1 46. Rb6+ Kh7 47. Rd2 1-0

[Event "Early-Titled-Tuesday-Blitz-March-12-2024"]
[Site "Chess.com"]
[Date "2024.03.12"]
[Round "6"]
[White "Sanyura"]
[Black "YegoryoCh"]
[Result "1-0"]
[WhiteElo "2615"]
[BlackElo "2497"]
[TimeControl "180+1"]
[EndTime "9:06:11 PDT"]
[Termination "Sanyura won by resignation"]

1. Nf3 d5 2. g3 Nd7 3. d3 e5 4. Bg2 Bd6 5. O-O c6 6. Nbd2 Ngf6 7. e4 O-O 8. Nh4 Re8 9. exd5 cxd5 10. c3 Nc5 11.
Nb3 Bg4 12. Qc2 Rc8 13. h3 Be6 14. Re1 e4 15. Nxc5 Bxc5 16. dxe4 dxe4 17. Be3 Qb6 18.
Bxc5 Qxc5 19. Bxe4 Bxh3 20. Bxb7 Rb8 21. Bg2 Bxg2 22.
Kxg2 Ng4 23. Rxe8+ Rxe8 24. Rd1 g6 25. Nf3 Qc6 26.
Qd2 h5 27. Qd5 Qb6 28. Rd2 Rb8 29. c4 Qf6 30. b3 Re8 31. Qd7 Re7 32. Qd8+ Kh7 33.
Qd4 Qf5 34. c5 Rc7 35. b4 Re7 36. c6 Qb5 37. Qc3 Rc7 38. Rd8 f6 39. Nd4 Qe5 40. Rd7+ Rxd7 41. cxd7 Qd5+ 42. f3 Ne5 43. Qc7 Nxd7 44.
Qxa7 Qc5 45. bxc5 1-0

[Event "Early-Titled-Tuesday-Blitz-March-12-2024"]
[Site "Chess.com"]
[Date "2024.03.12"]
[Round "6"]
[White "HATilay"]
[Black "Mr_ruthless"]
[Result "1-0"]
[WhiteElo "2696"]
[BlackElo "2469"]
[TimeControl "180+1"]
[EndTime "9:06:11 PDT"]
[Termination "HATilay won by resignation"]

1. e4 c5 2. Nf3 Nc6 3. Bb5 e5 4. O-O Bd6 5. c3 a6 6. Bc4 Nf6 7. Re1 O-O 8. a4 Bc7 9. h3 d5 10. exd5 Nxd5 11. d3 Kh8 12. Na3 f6 13. Nc2 Be6 14.
Ba2 Qd6 15. Ne3 Nxe3 16. Bxe3 Bxa2 17. Rxa2 Rfd8 18. Qb3 Na5 19. Qf7 Rd7 20. Qh5 Qxd3 21. Bxc5 Qc4 22. Qg4 Rad8 23. Qxc4 Nxc4 24. b3 Nd2 25. Nxd2 Rxd2 26. Rxd2 Rxd2 27. Be3 Rd3 28. Rc1 Kg8 29. Kf1 f5 30. Ke2 e4 31. Bd4 Kf7 32. f3 Bf4 33. Rc2 g6 34. b4 Ke6 35.
Rb2 Be5 36. Bxe5 Kxe5 37. Rc2 Kd5 38. c4+ Kd4 39. c5 Ra3 40. b5 Rxa4 41. c6 bxc6 42. bxc6 exf3+ 43. gxf3 Ra3 44. c7 1-0

[Event "Early-Titled-Tuesday-Blitz-March-12-2024"]
[Site "Chess.com"]
[Date "2024.03.12"]
[Round "6"]
[White "Zheenbekov86"]
[Black "RandomNoob04"]
[Result "0-1"]
[WhiteElo "2432"]
[BlackElo "2620"]
[TimeControl "180+1"]
[EndTime "9:06:11 PDT"]
[Termination "RandomNoob04 won on time"]

1. Nf3 Nf6 2. g3 d5 3. Bg2 c6 4. O-O Bg4 5. d3 Nbd7 6. Nbd2 e6 7. Qe1 Be7 8. e4 O-O 9. h3 Bh5 10. g4 Bg6 11. Nh4 e5 12. Nf5 Bxf5 13. gxf5 Qc7 14. Kh1 Rfd8 15. Rg1 Kh8 16. Nf1 dxe4 17. dxe4 Nc5 18.
Nh2 Rd7 19. b4 Na4 20. a3 Rad8 21. Be3 Nb2 22. Qe2 b5 23. a4 Nxa4 24. Qe1 c5 25. bxc5 Bxc5 26. Ng4 Nxg4 27. hxg4 Bxe3 28. Qxe3 Qxc2 29.
Rac1 Qd2 30. Qg3 Qh6+ 31. Bh3 Nb6 32. Kg2 Nc4 33. g5 Qh5 34. Bg4 Qxg5 35. Rh1 Rd2 36. Rh5 Qxg4 37. Rch1 Rxf2+ 38. Kxf2 Rd2+ 39. Kg1 Qd1+ 0-1

[Event "Early-Titled-Tuesday-Blitz-March-12-2024"]
[Site "Chess.com"]
[Date "2024.03.12"]
[Round "6"]
[White "DenLaz"]
[Black "MightyMike_009"]
[Result "1-0"]
[WhiteElo "3041"]
[BlackElo "2864"]
[TimeControl "180+1"]
[EndTime "9:06:12 PDT"]
[Termination "DenLaz won by resignation"]

1. d4 Nf6 2. c4 e6 3. Nf3 d5 4. g3 Bb4+ 5. Bd2 Be7 6. Bg2 O-O 7.
O-O c6 8. Qc2 Ne4 9. Bf4 g5 10.
Bc1 f5 11. Nc3 Bf6 12. Rb1 h6 13. b4 Nd7 14. e3 Nb6 15. c5 Nxc3 16. Qxc3 Nc4 17.
a4 b5 18. axb5 cxb5 19. Ra1 Bd7 20. Ne1 Qc7 21. Nd3 g4 22. Bd2 h5 23. Ra6 Bc8 24. Ra2 h4 25. Rfa1 Rf7 26. Nf4 Qd8 27. Be1 Bg5 28. Nd3 hxg3 29. hxg3 Rh7 30. Ne5 Nxe5 31.
dxe5 a6 32. Qd3 Qe8 33. Kf1 Raa7 34. Bc3 Rh2 35. f4 gxf3 36. Bxf3 Rh6 37. Rf2 Rah7 38.
Ke2 Qg6 39. Rg1 Rh2 40. Rgg2 Rxg2 41. Rxg2 Rh1 42. g4 Kf8 43. gxf5 exf5 44. Qxd5 Rc1 45. Qd2 Rb1 46. Qd6+ Qxd6 47. exd6 Bh6 48. c6 Be6 49. d7 Ke7 50. Bf6+ 1-0

[Event "Early-Titled-Tuesday-Blitz-March-12-2024"]
[Site "Chess.com"]
[Date "2024.03.12"]
[Round "6"]
[White "tarno17"]
[Black "Actuary44"]
[Result "0-1"]
[WhiteElo "2213"]
[BlackElo "2518"]
[TimeControl "180+1"]
[EndTime "9:06:12 PDT"]
[Termination "Actuary44 won by checkmate"]

1. e4 b6 2. d4 Bb7 3. Bd3 e6 4. Ne2 Nf6 5. Ng3 d5 6. e5 Nfd7 7. O-O c5 8. c3 Nc6 9. Be3 Qc7 10. Nd2 O-O-O 11. Rc1 c4 12. Bb1 f5 13. b3 Na5 14.
bxc4 dxc4 15. Bc2 h6 16. f3 g5 17. Bf2 h5 18. Ba4 h4 19. Ne2 h3 20. g3 g4 21.
Be1 a6 22. Nf4 Rh6 23. Bxd7+ Rxd7 24. Rb1 Qc6 25. Qe2 Rh8 26. Rb2 Bh6 27. Nb1 Bxf4 28. gxf4 g3 29. Bxg3 Rg7 30. Nd2 Rhg8 31. Qf2 b5 32. d5 Qxd5 33. Qa7 Nc6 34. Qb6 Qd8 35. Qxd8+ Rxd8 36. a4 b4 37. Rc2 b3 38. Rb2 Na5 39. Rd1 Rd3 40. Kf2 Rgd7 41. Ke2 Bxf3+ 42. Nxf3 Rxd1 43.
Nd4 R1xd4 44. cxd4 Rxd4 45. Ke3 Rd3+ 46. Ke2 c3 47.
Rxb3 Rd2+ 48. Ke3 Nxb3 49. Be1 Rxh2 50. Bxc3 Rg2 51. Kd3 Rg3+ 52. Kc4 Rxc3+ 53. Kb4 h2 54. a5 h1=Q 55. Ka4 Qc6+ 56. Kb4 Qc5+ 57. Ka4 Rc4+ 58. Kxb3 Qb5+ 59. Ka3 Ra4# 0-1

[Event "Early-Titled-Tuesday-Blitz-March-12-2024"]
[Site "Chess.com"]
[Date "2024.03.12"]
[Round "6"]
[White "pfalcon1949"]
[Black "Kotlyar_K"]
[Result "0-1"]
[WhiteElo "1949"]
[BlackElo "2590"]
[TimeControl "180+1"]
[EndTime "9:06:15 PDT"]
[Termination "Kotlyar_K won on time"]

1. e4 c5 2. Nf3 Nc6 3. d4 cxd4 4. Nxd4 Nf6 5. Nc3 e6 6. Ndb5 Bb4 7. a3 Bxc3+ 8. Nxc3 d5 9. exd5 exd5 10. Bd3 O-O 11.
O-O d4 12. Ne4 Bf5 13. Ng3 Bxd3 14. Qxd3 Ne5 15. Qf5 Qd5 16. Bg5 Nfd7 17. Rfe1 f6 18. Bd2 Qc6 19. Rac1 Nc4 20. Bb4 Rfe8 21. b3 Nce5 22. f4 Ng6 23. Nh5 Qxg2+ 24. Kxg2 Nh4+ 25. Kh1 Nxf5 26. Rg1 Re2 27. Ng3 Nxg3+ 28. Rxg3 a5 29. Bd6 Rc8 30. c4 Kf7 31. b4 Rd2 32. c5 g6 33. h4 f5 34. Rcg1 Nf6 35. Re1 Ne4 36. Rg2 Rxg2 37. Kxg2 Ke6 38. Be5 Kd5 39.
Bg7 d3 40. Rd1 Kc4 41. Rc1+ Kb3 42. Rd1 Kc2 43. Rh1 d2 44. Kf3 d1=Q+ 45. Rxd1 Kxd1 46. Ke3 Kc2 47. Kd4 Kb3 0-1

[Event "Early-Titled-Tuesday-Blitz-March-12-2024"]
[Site "Chess.com"]
[Date "2024.03.12"]
[Round "6"]
[White "rasmussvane"]
[Black "Ginger_GM"]
[Result "1-0"]
[WhiteElo "2965"]
[BlackElo "2594"]
[TimeControl "180+1"]
[EndTime "9:06:16 PDT"]
[Termination "rasmussvane won on time"]

1. Nf3 f5 2. d4 e6 3. g3 Nf6 4.
c4 Be7 5. Bg2 O-O 6. O-O d6 7.
b3 a5 8. Nc3 Ne4 9. Bb2 Nxc3 10.
Bxc3 Qe8 11. Qc2 Nd7 12. e3 g5 13. Nd2 e5 14. Rae1 Qg6 15. a3 Bf6 16. b4 a4 17.
c5 e4 18. f3 d5 19. fxe4 fxe4 20. Rf2 Bg7 21. Ref1 Rxf2 22. Rxf2 Nf6 23. h3 Bd7 24. Qa2 Kh8 25. Rxf6 Qxf6 26. Qxd5 Bc6 27. Qc4 Rf8 28. Kh2 Qf5 29. g4 Qd5 30. Qxd5 Bxd5 31. Kg3 Re8 32. b5 c6 33. b6 Bf6 34. Bb4 Kg7 35. Nb1 Kg6 36. Nc3 h5 37. Nxa4 h4+ 38. Kf2 Bxd4 39. exd4 e3+ 40. Kg1 Bxg2 41. Kxg2 Rf8 42.
Nc3 Rf2+ 43. Kg1 Rd2 44. d5 e2 45. Kf2 cxd5 46. c6 e1=Q+ 47. Kxe1 1-0

[Event "Early-Titled-Tuesday-Blitz-March-12-2024"]
[Site "Chess.com"]
[Date "2024.03.12"]
[Round "6"]
[White "guillembaches"]
[Black "jodarmarlon1985"]
[Result "1-0"]
[WhiteElo "2546"]
[BlackElo "2286"]
[TimeControl "180+1"]
[EndTime "9:06:18 PDT"]
[Termination "guillembaches won on time"]

1. d4 d5 2. Nf3 Nf6 3. c4 c6 4. cxd5 cxd5 5. Nc3 Nc6 6. Bf4 a6 7. e3 Bg4 8. Rc1 Rc8 9. Qb3 Na5 10. Qa4+ b5 11. Qd1 e6 12. Be2 Be7 13. Ne5 Bxe2 14.
Qxe2 b4 15. Qxa6 bxc3 16. Qb5+ Kf8 17. bxc3 Nc4 18. O-O Qe8 19. Qb7 Nxe5 20. Bxe5 Qd7 21. Rb1 Qxb7 22. Rxb7 Ne8 23. a4 f6 24. Bg3 Nd6 25. Rd7 Nc4 26. Rb1 Kf7 27. Rbb7 Rhe8 28. h4 Na5 29. Ra7 Nc6 30. Rab7 Red8 31. Rdc7 Rxc7 32. Rxc7 Na5 33. Ra7 Nc4 34. a5 Kf8 35.
a6 Rc8 36. Rb7 Ra8 37. a7 Kf7 38. Bb8 e5 39. f3 Ke6 40. Kf2 h5 41. Ke2 g5 42. g3 gxh4 43. gxh4 Bd6 44. Kd3 f5 45.
e4 fxe4+ 46. fxe4 dxe4+ 47. Kxc4 exd4 48. Kxd4 e3 49. Kxe3 Bc5+ 50. Ke4 Bf2 51. c4 Bxh4 52.
Rh7 Bf2 53. Kf3 Bd4 54. Ke4 Bf2 55. Rh6+ Kf7 56. Rxh5 1-0

[Event "Early-Titled-Tuesday-Blitz-March-12-2024"]
[Site "Chess.com"]
[Date "2024.03.12"]
[Round "6"]
[White "KSho99"]
[Black "Roedor"]
[Result "1-0"]
[WhiteElo "2142"]
[BlackElo "2263"]
[TimeControl "180+1"]
[EndTime "9:06:18 PDT"]
[Termination "KSho99 won by resignation"]

1. Nf3 Nf6 2. g3 g6 3. b3 Bg7 4. Bb2 O-O 5. Bg2 d6 6. d4 a5 7. O-O a4 8. c4 Nc6 9. d5 Na5 10.
Nbd2 c5 11. Qc2 Bf5 12. e4 Bd7 13. Ne1 b5 14. Nd3 Rb8 15. Rab1 e5 16. Bc3 Ng4 17.
h3 Nh6 18. f4 b4 19. Ba1 Nb7 20. fxe5 Qg5 21. Kh2 dxe5 22. Nf3 Qh5 23. Ndxe5 Ng4+ 24. Nxg4 Bxg4 25. Bxg7 Kxg7 26. Qb2+ Kg8 27. Qf6 Rbd8 28. e5 axb3 29. axb3 Ra8 30. Ng5 Ra2 31. Kg1 Be2 32. Rf2 h6 33. Nxf7 Rxf7 34. Qxf7+ Kh8 35. Qxb7 Bf3 36.
Bxf3 Rxf2 37. Qb8+ Kg7 38. Kxf2 Qxh3 39. Qc7+ Kf8 40.
Qd8+ Kg7 41. Qe7+ Kg8 42. Qe8+ Kg7 43. Qe7+ Kg8 44. Ra1 Qh2+ 45. Bg2 Qxg2+ 46. Kxg2 1-0